 Dungeon Crawl Stone Soup version 0.30-a0-586-g23e55c9e0a (webtiles) character file.

Game seed: 13180536138879519262

200330 M4edhros the Peltast (level 18, -10/117 HPs)
             Began as an Octopode Artificer on Jan 3, 2023.
             Was an Elder of Cheibriados.
             Killed by an exploding bloated husk (35 damage)
             ... on level 3 of the Swamp.
             The game lasted 00:57:56 (27773 turns).

M4edhros the Peltast (Octopode Artificer)          Turns: 27773, Time: 00:57:57

Health: -10/117    AC: 11    Str: 15 (20) XL:     18   Next: 50%
Magic:  35/35      EV: 33    Int: 19 (20) God:    Cheibriados [****..]
Gold:   1405       SH: 26    Dex: 26 (34) Spells: 5/17 levels left

rFire   . . .      SeeInvis .      - Unarmed
rCold   x . .      Faith    .    k - +5 kite shield
rNeg    . . .      Spirit   .    D - +2 hat {Stlth+}
rPois   +          Reflect  +    h - amulet of reflection
rElec   .          Harm     .    o - +5 ring of evasion
rCorr   .          Rampage  .    y - ring of magical power
Will    +++..                    E - +4 ring of slaying
Stlth   ++++++                   H - ring of the Doge {rPois Will++ Slay+2}
HPRegen 0.39/turn                N - +4 ring of protection
MPRegen 0.24/turn                R - +6 ring of dexterity
                                 O - +4 ring of protection
                                 S - +5 ring of evasion

@: very slow
A: almost no armour, amphibious, 8 rings, camouflage 1, gelatinous body 1,
(nimble swimmer 1), tentacles, deterioration 2, dopey 1, weak 1, cold
vulnerability 1
}: 1/15 runes: gossamer
a: Renounce Religion, Bend Time, Temporal Distortion, Slouch


You were on level 3 of the Swamp.
You worshipped Cheibriados.
Cheibriados was greatly pleased with you.
You visited 6 branches of the dungeon, and saw 28 of its levels.
You also visited: Bailey.

You collected 3894 gold pieces.
You spent 2489 gold pieces at shops.

Inventory:

Missiles
 p - 37 javelins
 s - 5 atropa-tipped darts
 u - 11 curare-tipped darts
Armour
 f - the +1 hat "Yxteyk" {rN+}
   (You found it on level 4 of the Spider Nest)

   rN:        It protects you from negative energy.
 k - a +5 kite shield (worn)
 D - a +2 hat of stealth (worn)
 X - a +0 tower shield
Jewellery
 h - an amulet of reflection (around mantle)
 o - a +5 ring of evasion (left tentacle)
 y - a ring of magical power (right tentacle)
 E - a +4 ring of slaying (on tentacle)
 H - the ring of the Doge (on tentacle) {rPois Will++ Slay+2}
   (You found it on level 4 of the Lair of Beasts)

   [ring of poison resistance]

   Slay:      It affects your accuracy & damage with ranged weapons and melee
   (+2).
   rPois:     It protects you from poison.
   Will:      It greatly increases your willpower.
 N - a +4 ring of protection (on tentacle)
 O - a +4 ring of protection (on tentacle)
 P - a ring of wizardry
 Q - a ring of wizardry
 R - a +6 ring of dexterity (on tentacle)
 S - a +5 ring of evasion (on tentacle)
 T - a ring of magical power
 U - a ring of resist corrosion
 Z - a +4 ring of protection
Wands
 b - a wand of flame (31) (quivered)
 c - a wand of charming (14)
 d - a wand of roots (19)
 j - a wand of digging (9)
 n - a wand of mindburst (5)
 r - a wand of acid (5)
 v - a wand of polymorph (12)
Scrolls
 e - 2 scrolls of vulnerability
 i - 3 scrolls of identify
 l - 4 scrolls of immolation
 m - 4 scrolls of poison
 q - 3 scrolls of teleportation
 w - 2 scrolls of brand weapon
 x - 2 scrolls of amnesia
 B - 3 scrolls of fear
 C - 3 scrolls of fog
 I - a scroll of torment
 J - 4 scrolls of magic mapping
 K - a scroll of enchant weapon
 V - a scroll of enchant armour
 Y - a scroll of summoning
Potions
 a - 6 potions of curing
 g - 2 potions of lignification
 z - 2 potions of cancellation
 A - 8 potions of brilliance
 F - a potion of flight
 G - 3 potions of attraction
 L - 2 potions of resistance
 W - 5 potions of ambrosia


   Skills:
 * Level 8.8 Fighting
 - Level 11.5 Dodging
 - Level 6.6 Stealth
 - Level 15.5 Shields
 - Level 10.9 Unarmed Combat
 - Level 7.3 Conjurations
 - Level 6.2 Hexes
 + Level 9.1 Transmutations
 * Level 3.3 Ice Magic
 - Level 7.3 Air Magic
 + Level 8.8 Earth Magic
 - Level 8.8 Poison Magic
 - Level 10.7 Invocations
 - Level 9.2 Evocations


You had 5 spell levels left.
You knew the following spells:

 Your Spells              Type           Power      Damage    Failure   Level
a - Wereblood             Tmut           34%        N/A       1%          2
b - Leda's Liquefaction   Hex/Erth       14%        N/A       16%         4
c - Mephitic Cloud        Conj/Pois/Air  29%        N/A       4%          3
d - Ozocubu's Armour      Ice            12%        N/A       26%         3

Your spell library contained the following spells:

 Spells                   Type           Power      Damage    Failure   Level
 Magic Dart               Conj           100%       1d8       1%          1
 Stone Arrow              Conj/Erth      60%        3d10      4%          3
 Ignite Poison            Fire/Tmut/Pois 22%        N/A       9%          3
 Tukima's Dance           Hex            23%        N/A       9%          3
 Blade Hands              Tmut           17%        N/A       24%         5
 Frozen Ramparts          Ice            24%        1d4       26%         3
 Ice Form                 Ice/Tmut       23%        N/A       26%         4
 Inner Flame              Hex/Fire       11%        N/A       30%         3
 Portal Projectile        Hex/Tloc       22%        N/A       30%         3
 Yara's Violent Unravell  Hex/Tmut       14%        3d7       38%         5
 Blink                    Tloc           0%         N/A       47%         2
 Call Imp                 Summ           0%         N/A       47%         2
 Sublimation of Blood     Necr           0%         N/A       47%         2
 Flame Wave               Conj/Fire      13%        2d6       61%         4
 Sticky Flame             Conj/Fire      13%        2d4       61%         4
 Call Canine Familiar     Summ           0%         N/A       71%         3
 Gell's Gravitas          Tloc           0%         N/A       71%         3
 Teleport Other           Tloc           0%         N/A       71%         3
 Summon Ice Beast         Ice/Summ       6%         N/A       87%         4
 Animate Dead             Necr           0%         N/A       98%         4
 Manifold Assault         Tloc           0%         N/A       98%         4
 Passage of Golubria      Tloc           0%         N/A       98%         4
 Dispersal                Tloc           0%         N/A       100%        6
 Haunt                    Necr/Summ      0%         N/A       100%        7
 Ozocubu's Refrigeration  Ice            6%         4d8       100%        7
 Storm Form               Tmut/Air       15%        N/A       100%        7
 Summon Hydra             Summ           0%         N/A       100%        7
 Ignition                 Fire           0%         3d3       100%        8
 Infestation              Necr           0%         N/A       100%        8
 Lehudib's Crystal Spear  Conj/Erth      15%        10d5      100%        8
 Animate Armour           Summ/Erth      Unusable   N/A       N/A         4

Dungeon Overview and Level Annotations

Branches:
Dungeon (13/15)            Temple (1/1) D:4            Lair (5/5) D:9
  Swamp (3/4) Lair:2       Spider (4/4) Lair:3        Slime (0/5) Lair:4
    Orc (2/2) D:11            Elf (0/3) Orc:2        Bailey (visited)
 Vaults: D:13-14

Altars:
Ashenzari
Cheibriados
Dithmenos
Elyvilon
Fedhas
Gozag
Hepliaklqana
Kikubaaqudgha
Makhleb
Nemelex Xobeh
Okawaru
Qazlal
Ru
Sif Muna
Trog
Uskayaw
Vehumet
Wu Jian
Xom
Yredelemnul
Zin
The Shining One
Jiyva

Shops:
D:5 (   D:10 (   Orc:1 :   Orc:2 *?[=

Portals:
Pandemonium: Orc:2

Annotations:
D:3 2 transporters, M4edhros's ghost, amateur OpFi
Lair:2 3 runed translucent doors, Odexios's ghost, journeyman OpSu
Lair:5 exclusion: door


Innate Abilities, Weirdness & Mutations

You cannot wear most types of armour.
You are amphibious.
You can wear up to eight rings at the same time.
Your skin changes colour to match your surroundings (Stealth+).
Your rubbery body absorbs attacks. (AC +1, EV +1)
((You are camouflaged when in or above water. (Stealth+)))
You have tentacles for arms and can constrict up to eight enemies at once.
Your body often deteriorates upon taking damage.
You are dopey. (Int -2)
You are weak. (Str -2)
You are vulnerable to cold. (rC-)


Message History

You are too injured to fight recklessly!
You are too injured to fight recklessly!
As you read the scroll of teleportation, it crumbles to dust.
You feel strangely unstable. The tyrant leech completely misses you.
You block the six-headed hydra's attack. x4
The six-headed hydra bites you but does no damage.
You block the six-headed hydra's attack.
The six-headed hydra attacks as you move away!
You block the six-headed hydra's attack. x3
The six-headed hydra bites you!
Your body deteriorates!
You feel weakened. The six-headed hydra barely misses you.
The six-headed hydra completely misses you.
You feel sick.
You are no longer poisoned.
The tyrant leech completely misses you. The six-headed hydra barely misses you.
You block the six-headed hydra's attack.
The six-headed hydra bites you!
* * * LOW HITPOINT WARNING * * *
Your body deteriorates!
You feel clumsy. The six-headed hydra misses you.
The six-headed hydra barely misses you. x2
The six-headed hydra attacks as you move away!
The six-headed hydra completely misses you.
You block the six-headed hydra's attack. x2
The six-headed hydra bites you.
* * * LOW HITPOINT WARNING * * *
The six-headed hydra completely misses you.
You block the six-headed hydra's attack.
Your surroundings suddenly seem different.
A bunyip, a bloated husk and a swamp dragon come into view.
Found four items.
You enter the shallow water.
The bunyip gives a hideous shriek!
A tyrant leech comes into view.
You block the bunyip's attack. The bunyip misses you. x2
You enter the shallow water.
The bloated husk explodes!
The blast of putrescent gases engulfs the bunyip!!
The blast of putrescent gases engulfs you!!
You die...

.~~ ♣... .§♣~.
♣..♣♣♣..♣♣...~~~
♣♣..~.~..~...~~~
♣.~~.~~....~..§~
~~.~§~.~~~~~~~
♣.w~~..~~..~~
♣..~....~...
♣~.~~~~♣♣ ♣
♣♣@~~~~.♣
♣~♣x.~~~~.♣
♣~~.~~~~♣♣
♣.~.♣...~.♣
...!~~....~.♣
....~~~...~~.♣
....~~~~..§~.~♣
.~~~~~~~?.[..~♣
.§~~~~~~$♣.~♣~♣


You could see a bunyip and a tyrant leech (asleep).

Vanquished Creatures
  Bai Suzhen (Spider:3)
  Asterion (Spider:2)
  Gastronok (Lair:2)
  Kirke (Spider:3)
  A fenstrider witch (Swamp:2)
  6 emperor scorpions
  Louise (Spider:3)
  2 ghost moths (Spider:4)
  2 broodmothers
  5 eleionomae
  2 bunyips
  2 spark wasps
  6 entropy weavers
  3 jorogumos
  5 hydras
  A ghost crab (Swamp:2)
  2 demonspawn (Orc:2)
  3 catoblepae
  An anaconda (Lair:5)
  5 two-headed ogres
  6 boulder beetles
  3 radroaches
  4 alligators (Swamp:1)
  A death scarab (Spider:1)
  4 death yaks (Lair:2)
  8 orc high priests
  4 goliath frogs
  6 pharaoh ants
  2 bog bodies
  4 swamp dragons
  A sun moth (Spider:2)
  5 spriggan druids
  11 orb spiders
  A lindwurm (Lair:5)
  6 orc knights
  2 ugly things (D:12)
  6 orc sorcerers
  18 steelbarb worms
  13 wolf spiders
  A will-o-the-wisp (Swamp:1)
  2 moths of wrath (Spider:4)
  2 manticores
  2 cyclopes
  Joseph (D:9)
  15 elephants
  8 black mambas
  11 torpor snails
  6 demonic crawlers
  A gargoyle (D:12)
  10 cane toads
  3 unseen horrors
  A rime drake (Lair:2)
  6 komodo dragons
  4 kobold demonologists (D:11)
  7 tyrant leeches
  19 hornets
  6 trolls
  28 tarantellas
  7 blink frogs
  11 polar bears
  11 dream sheep
  17 jumping spiders
  7 slime creatures
  25 culicivoras
  7 spriggans
  53 yaks
  2 shadows
  2 wraiths
  A yak (shapeshifter) (D:12)
  2 vampires
  2 basilisks (Lair:5)
  5 wyverns
  2 neqoxecs (Orc:2)
  35 redbacks
  10 vampire mosquitoes
  5 swamp worms
  5 wargs
  An acid dragon (D:12)
  19 hell hounds
  14 water moccasins
  A swamp drake (Swamp:1)
  11 black bears (Lair:5)
  35 orc warriors
  10 ogres
  14 centaurs
  36 wolves
  A phantom (D:5)
  4 kobold brigands (D:11)
  10 bullfrogs
  2 scorpions
  9 wights
  2 howler monkeys
  5 electric eels
  2 jellies
  2 lava snakes (Lair:1)
  3 gnoll boudas
  2 hounds
  32 orc priests
  4 iguanas
  Jessica (D:2)
  Ijyb (D:3)
  Natasha (D:2)
  22 orc wizards
  12 gnolls
  5 adders
  2 shadow imps
  2 ufetubi
  2 worms (D:2)
  A dart slug (D:1)
  102 orcs
  5 ball pythons
  6 bats
  9 endoplasms
  8 goblins
  5 hobgoblins
  13 kobolds
  7 quokkas
  A frilled lizard (D:1)
  5 rats
927 creatures vanquished.

Vanquished Creatures (collateral kills)
  A hornet (Spider:4)
  An orc warrior (Bailey)
  An iguana (D:5)
  8 orcs
11 creatures vanquished.

Vanquished Creatures (others)
  Arachne (Spider:3)
  A hydra (Lair:2)
  2 alligators (Swamp:1)
  2 bloated husks (Swamp:3)
  A jumping spider (Spider:4)
  3 humans (Spider:3)
  A redback (Spider:4)
  An orc warrior (Orc:2)
  An adder (D:4)
  A kobold (D:11)
  A quokka (D:5)
  A bush (Lair:1)
  A butterfly (Lair:5)
  4 foxfires (Swamp:1)
  36 fungi
  94 plants
151 creatures vanquished.

Grand Total: 1089 creatures vanquished

Notes
Turn   | Place    | Note
-------+----------+-------------------------------------------
     0 | D:1      | M4edhros the Octopode Artificer began the quest for the
                  | Orb.
     0 | D:1      | Reached XP level 1. HP: 13/13 MP: 1/1
   104 | D:1      | Reached XP level 2. HP: 15/18 MP: 2/2
   259 | D:1      | Reached skill level 1 in Unarmed Combat
   784 | D:2      | Reached XP level 3. HP: 18/23 MP: 3/3
  1021 | D:2      | Noticed Jessica
  1028 | D:2      | Killed Jessica
  1029 | D:2      | Reached XP level 4. HP: 27/29 MP: 4/4
  1119 | D:2      | Learned a level 2 spell: Wereblood
  1288 | D:2      | Noticed Natasha
  1297 | D:2      | Killed Natasha
  1298 | D:2      | Reached XP level 5. HP: 33/34 MP: 5/5
  1616 | D:3      | Reached skill level 1 in Transmutations
  1680 | D:3      | Found a transporter.
  1683 | D:3      | Noticed M4edhros's ghost (amateur OpFi)
  1687 | D:3      | Found a transporter.
  1857 | D:3      | Noticed Ijyb
  1871 | D:3      | Killed Ijyb
  2396 | D:4      | Found a basalt altar of Yredelemnul.
  2421 | D:4      | Reached XP level 6. HP: 10/39 MP: 6/6
  2546 | D:4      | Found a staircase to the Ecumenical Temple.
  2599 | Temple   | Entered the Ecumenical Temple
  2720 | Temple   | Became a worshipper of Cheibriados the Contemplative
  3032 | D:4      | Found an iron altar of Okawaru.
  3032 | D:4      | Found a bloodstained altar of Trog.
  3263 | D:4      | Found a sacrificial altar of Ru.
  3344 | D:4      | Gained mutation: Your body sometimes deteriorates upon
                  | taking damage. [potion of mutation]
  3344 | D:4      | Gained mutation: You are vulnerable to cold. (rC-) [potion
                  | of mutation]
  3344 | D:4      | Gained mutation: You are dopey. (Int -2) [potion of
                  | mutation]
  3596 | D:5      | Entered Level 5 of the Dungeon
  3599 | D:5      | Reached * piety under Cheibriados
  3775 | D:5      | Reached XP level 7. HP: 17/45 MP: 7/7
  3894 | D:5      | Found Jimo Era's Antique Weapon Emporium.
  4406 | D:5      | Found a hide-covered altar of Uskayaw.
  4408 | D:5      | Found a shadowy altar of Dithmenos.
  4420 | D:5      | Reached XP level 8. HP: 46/52 MP: 8/8
  5038 | D:6      | Reached skill level 5 in Evocations
  5197 | D:6      | Reached skill level 5 in Stealth
  5227 | D:6      | Reached ** piety under Cheibriados
  5445 | D:6      | Reached skill level 5 in Unarmed Combat
  5628 | D:6      | Found a blossoming altar of Fedhas.
  6007 | D:7      | Noticed a wyvern
  6014 | D:7      | Killed a wyvern
  6033 | D:7      | Reached skill level 5 in Transmutations
  6033 | D:7      | Reached XP level 9. HP: 58/58 MP: 9/9
  6103 | D:7      | Reached *** piety under Cheibriados
  6315 | D:6      | Found a radiant altar of Vehumet.
  6417 | D:7      | Learned a level 4 spell: Leda's Liquefaction
  6528 | D:8      | Reached skill level 1 in Earth Magic
  6625 | D:8      | Found a sparkling altar of Nemelex Xobeh.
  6671 | D:8      | Noticed a hornet
  6674 | D:8      | Reached skill level 5 in Dodging
  6675 | D:8      | Killed a hornet
  6698 | D:8      | Found an ornate altar of the Wu Jian Council.
  6772 | D:9      | Found an opulent altar of Gozag.
  6805 | D:9      | Reached skill level 1 in Shields
  6824 | D:9      | Found a shimmering blue altar of Sif Muna.
  6898 | D:9      | Reached XP level 10. HP: 48/65 MP: 10/10
  6899 | D:9      | Reached **** piety under Cheibriados
  6900 | D:9      | Reached skill level 2 in Shields
  6907 | D:9      | Reached skill level 5 in Fighting
  6909 | D:9      | Noticed Joseph
  6922 | D:9      | Killed Joseph
  6942 | D:9      | Identified the +4 halberd of Irupyse {spect, Fragile Fly
                  | rPois Stlth+}
  6943 | D:9      | Found a flagged portal.
  6948 | D:9      | Reached skill level 3 in Shields
  6960 | Bailey   | Entered a bailey
  7299 | Bailey   | Reached ***** piety under Cheibriados
  7370 | Bailey   | Reached skill level 4 in Shields
  7584 | D:10     | Entered Level 10 of the Dungeon
  7618 | D:10     | Reached skill level 5 in Earth Magic
  7677 | D:10     | Reached skill level 1 in Invocations
  7736 | D:10     | Reached XP level 11. HP: 69/72 MP: 12/12
  7856 | D:10     | Found Wohof's Antique Weapon Boutique.
  7957 | D:10     | Found a glowing golden altar of the Shining One.
  7962 | D:10     | Reached skill level 5 in Shields
  7998 | D:10     | Found a runed translucent door.
  7998 | D:10     | Noticed a two-headed ogre
  8010 | D:10     | Killed a two-headed ogre
  8027 | D:10     | Noticed an orc knight
  8038 | D:10     | Killed an orc knight
  8410 | D:11     | Reached skill level 6 in Shields
  8428 | D:11     | Reached XP level 12. HP: 56/80 MP: 14/14
  8523 | D:11     | Noticed a boulder beetle
  8535 | D:11     | Killed a boulder beetle
  8621 | D:11     | Found an ancient bone altar of Kikubaaqudgha.
  8701 | D:12     | Noticed a two-headed ogre
  8756 | D:12     | Reached skill level 7 in Shields
  9146 | D:11     | Noticed a boulder beetle
  9164 | D:11     | HP: 4/81 [orc warrior/+0 long sword (10)]
  9173 | D:11     | Killed a boulder beetle
  9219 | D:11     | Found a staircase to the Orcish Mines.
  9230 | Orc:1    | Entered Level 1 of the Orcish Mines
  9230 | Orc:1    | Noticed a two-headed ogre
  9235 | Orc:1    | Killed a two-headed ogre
  9236 | Orc:1    | Reached skill level 10 in Unarmed Combat
  9297 | Orc:1    | Found Minaklac's Vocational Training.
  9383 | Orc:2    | Entered Level 2 of the Orcish Mines
  9395 | Orc:1    | Reached skill level 5 in Invocations
  9602 | D:12     | Killed a two-headed ogre
  9608 | D:12     | Reached XP level 13. HP: 73/86 MP: 16/16
  9611 | D:12     | Reached skill level 8 in Shields
 10775 | D:9      | Found a stormy altar of Qazlal.
 10804 | D:9      | Found a staircase to the Lair.
 10934 | D:9      | Found a shimmering altar of Xom.
 11889 | Lair:1   | Entered Level 1 of the Lair of Beasts
 12712 | Lair:2   | Found a staircase to the Swamp.
 12770 | Lair:2   | Identified a scroll of acquirement
 12772 | Lair:2   | Acquired 804 gold pieces
 12940 | Lair:2   | Noticed an ice dragon
 12949 | Lair:2   | Found a runed translucent gate.
 12949 | Lair:2   | Found a runed translucent gate.
 12949 | Lair:2   | Found a runed translucent gate.
 12954 | Lair:2   | Noticed Odexios's ghost (journeyman OpSu)
 12961 | Lair:2   | Learned a level 3 spell: Mephitic Cloud
 13011 | Lair:2   | Noticed Gastronok
 13020 | Lair:2   | Killed Gastronok
 13021 | Lair:2   | Reached skill level 1 in Conjurations
 13021 | Lair:2   | Reached skill level 1 in Air Magic
 13021 | Lair:2   | Reached skill level 1 in Poison Magic
 13237 | Lair:2   | Reached skill level 9 in Shields
 14518 | Lair:3   | Found a hole to the Spider Nest.
 14707 | Lair:3   | Reached XP level 14. HP: 31/92 MP: 18/18
 14920 | Lair:3   | Reached skill level 5 in Poison Magic
 14979 | Lair:3   | Reached skill level 11 in Shields
 14979 | Lair:3   | Reached XP level 15. HP: 97/97 MP: 20/20
 15496 | Lair:4   | Found a viscous altar of Jiyva.
 15497 | Lair:4   | Found a staircase to the Slime Pits.
 15533 | Lair:4   | Identified the ring of the Doge {rPois Will++ Slay+2}
 15670 | Lair:4   | Found a runed translucent door.
 15788 | Lair:5   | Entered Level 5 of the Lair of Beasts
 15996 | Lair:5   | Reached skill level 5 in Air Magic
 16175 | Lair:5   | Reached skill level 5 in Conjurations
 16212 | Lair:5   | Reached skill level 12 in Shields
 16399 | Lair:5   | Identified the +1 leather armour of the Other Side {rCorr
                  | Int+4}
 16426 | Lair:5   | Identified the +3 dagger of War {holy, Int+3}
 16447 | Lair:5   | Reached ****** piety under Cheibriados
 17080 | Lair:5   | Found a runed translucent door.
 18011 | Lair:4   | Found the +3 Mad Mage's Maulers {Infuse+∞ VampMP -Cast}
 18184 | Lair:4   | Reached XP level 16. HP: 103/103 MP: 21/21
 19422 | Orc:2    | Found Xomam's Magic Scroll Emporium.
 19424 | Orc:2    | Found Eschig's General Store.
 19431 | Orc:2    | Gained mutation: You are weak. (Str -2) [a neqoxec]
 19474 | Orc:2    | Bought a scroll of magic mapping for 105 gold pieces
 19474 | Orc:2    | Bought 2 scrolls of teleportation for 84 gold pieces
 19474 | Orc:2    | Bought a scroll of fog for 56 gold pieces
 19595 | Orc:2    | Found a staircase to the Elven Halls.
 19756 | Orc:2    | Found a shimmering blue altar of Sif Muna.
 20048 | Orc:2    | Found Jipt's Antique Armour Boutique.
 20048 | Orc:2    | Found Heifojul's Jewellery Shop.
 20049 | Orc:2    | Found a one-way gate leading to the halls of Pandemonium.
 20053 | Orc:2    | Bought a +4 ring of protection for 612 gold pieces
 20053 | Orc:2    | Bought a ring of wizardry for 510 gold pieces
 20053 | Orc:2    | Bought a ring of wizardry for 510 gold pieces
 20053 | Orc:2    | Bought a +6 ring of dexterity for 612 gold pieces
 20094 | Orc:2    | Gained mutation: Your body often deteriorates upon taking
                  | damage. [a neqoxec]
 20505 | Spider:1 | Entered Level 1 of the Spider Nest
 20526 | Spider:1 | Reached skill level 13 in Shields
 20580 | Spider:1 | Reached skill level 1 in Hexes
 21123 | Spider:1 | Reached skill level 10 in Dodging
 21444 | Spider:1 | Identified the +10 mace of the Onslaught {flame, +Blink}
 21545 | Spider:2 | Noticed Asterion
 21554 | Spider:2 | Killed Asterion
 21897 | Spider:2 | Reached XP level 17. HP: 76/108 MP: 23/23
 22115 | Spider:2 | Reached skill level 14 in Shields
 22851 | Spider:3 | Noticed Kirke
 22854 | Spider:3 | Noticed Louise
 22859 | Spider:3 | Killed Kirke
 22880 | Spider:3 | Killed Louise
 23144 | Spider:3 | Noticed Bai Suzhen
 23157 | Spider:3 | Killed Bai Suzhen
 23471 | Spider:3 | Noticed Arachne
 23486 | Spider:3 | Killed Arachne
 23944 | Spider:4 | Entered Level 4 of the Spider Nest
 23960 | Spider:4 | Reached skill level 10 in Invocations
 23963 | Spider:4 | Reached skill level 5 in Hexes
 24081 | Spider:4 | Identified the +6 falchion "Rukeo" {pain, +Blink Int-4
                  | SInv}
 24235 | Spider:4 | Reached skill level 15 in Shields
 24816 | Spider:4 | Reached XP level 18. HP: 112/114 MP: 26/26
 25065 | Spider:4 | Identified the +1 hat "Yxteyk" {rN+}
 25094 | Spider:4 | Got a gossamer rune of Zot
 25424 | Swamp:1  | Entered Level 1 of the Swamp
 25432 | Swamp:1  | Acquired 442 gold pieces
 25433 | Swamp:1  | Acquired a book of Armaments
 25934 | Swamp:1  | Learned a level 3 spell: Ozocubu's Armour
 25963 | Swamp:1  | Reached skill level 1 in Ice Magic
 26687 | Swamp:2  | HP: 1/175 [swamp dragon (12)]
 27773 | Swamp:3  | Killed by an exploding bloated husk

Illustrated notes

Levels and vault maps discovered:
D:1:      minmay_arrival_four_houses, layout_basic
D:2:      layout_basic, uniq_natasha, uniq_jessica
D:3:      layout_basic, gammafunk_ghost_mausoleum, uniq_ijyb
D:4:      layout_loops_cross, grunt_temple_overflow_bloody_war,
          nicolae_ru_awakened_eye, mainiacjoe_overflow_surrounded_room,
          minmay_temple_entry_slanted
D:5:      layout_basic, chequers_temple_overflow_statue_of_worship,
          serial_shops, nicolae_shop_statue_plus, minmay_misc_feat_five
D:6:      layout_gridville, mainiacjoe_overflow_alcove_2,
          nicolae_vehumet_radiance
D:7:      layout_rooms, serial_shops, nicolae_shop_bloodbath_and_beyond
D:8:      layout_layer_cave, nzn_wu_jian_council_hall,
          mainiacjoe_overflow_tiny_flanked
D:9:      layout_basic, general_overflow_altar, nicolae_qazlal_eye_of_the_storm,
          mainiacjoe_overflow_chevrons,
          nicolae_gozag_cash_rules_everything_around_me, dpeg_oklobed_lair,
          enter_bailey_2, uniq_joseph
D:10:     layout_irregular_city, mainiacjoe_overflow_concentric_impassable,
          serial_shops, shop, lightli_church_of_beogh
D:11:     layout_rooms, david_orc_4, chequers_serial_rivers_room_b,
          kiku_gazebo_garden_becter
D:12:     minmay_four_partial_circles, layout_rooms
D:13:     layout_stronghold, serial_shops, kennysheep_mini, led_xom_imps
Temple:   hellmonk_temple_beads
Lair:1:   layout_misc_corridors, wad_woods_06, nicolae_lair_liquid_snakes,
          lemuel_fruit_tree
Lair:2:   layout_layer_cave, swamp_mist, gammafunk_ghost_icy, uniq_gastronok
Lair:3:   layout_regular_city, dummy_spider_entry, grunt_megastairs_3
Lair:4:   layout_layer_cave, minmay_slime_entry_pillars, pf_torpor_hydra
Lair:5:   hangedman_lair_caniforms_friends, layout_loops_ring, wormcave,
          chequers_serial_rivers_small_a, lemuel_fruit_fields,
          infiniplex_staircase_pool_2
Swamp:1:  layout_basic_swamp, nicolae_swamp_feature_on_the_river_bank,
          swamp_pool1, hangedman_swamp_grove
Swamp:2:  layout_basic_swamp, serial_swamp_ruin, evilmike_swamp_ruin_house_6,
          evilmike_swamp_ruin_house_3, swamp_pool2
Swamp:3:  layout_basic_swamp, nicolae_swamp_trees_clearing
Spider:1: layout_spider_delve, hangedman_spider_trapstep
Spider:2: layout_spider_delve, uniq_asterion
Spider:3: layout_spider_delve, nicolae_spider_jagged_tunnels,
          nicolae_spider_cling_halls, uniq_kirke, uniq_bai_suzhen, uniq_louise,
          uniq_arachne
Spider:4: spider_rune_water, drop_trap
Orc:1:    layout_caves, enter_volcano_3, nicolae_orc_pool_cavern,
          nicolae_shop_vocational
Orc:2:    pf_orc_diabolical, layout_caves, kennysheep_orc_sif_temple

Skill      XL: |  1  2  3  4  5  6  7  8  9 10 11 12 13 14 15 16 17 18 |
---------------+-------------------------------------------------------+-----
Unarmed Combat | 1 2 3 4 5 6 8 9 10 | 10.9
Stealth        | 2 3 4 5 6 |  6.6
Fighting       | 2 3 4 5 6 7 8 |  8.8
Dodging        | 3 4 5 6 7 8 9 10 11 | 11.5
Transmutations | 1 2 3 5 6 8 9 |  9.1
Evocations     | 4 5 6 7 8 9 |  9.2
Earth Magic    | 3 5 6 7 8 |  8.8
Shields        | 1 4 6 7 9 11 12 13 15 | 15.5
Invocations    | 1 3 5 6 7 9 10 | 10.7
Conjurations   | 3 4 6 7 |  7.3
Air Magic      | 3 4 6 7 |  7.3
Poison Magic   | 4 5 7 8 |  8.8
Hexes          | 3 6 |  6.2
Ice Magic      | 3 |  3.3

Action                   |  1- 3 |  4- 6 |  7- 9 | 10-12 | 13-15 | 16-18 || total
-------------------------+-------+-------+-------+-------+-------+-------++-------
Melee: Unarmed           |    69 |   153 |   171 |   402 |   588 |  1182 ||  2565
       Tentacles         |    19 |    43 |    40 |   113 |   219 |   455 ||   889
       Constrict         |    20 |    37 |    38 |    53 |    89 |   228 ||   465
       Punch             |     1 |     4 |     9 |    35 |    69 |   155 ||   273
 Cast: Wereblood         |       |       |       |    15 |    11 |     8 ||    34
       Mephitic Cloud    |       |       |       |       |       |    26 ||    26
       Leda's Liquefacti |       |       |       |       |       |     9 ||     9
Invok: Slouch            |       |       |       |    11 |    10 |    28 ||    49
Evoke: Wand              |     1 |    11 |    27 |    32 |     3 |    24 ||    98
  Use: Potion            |       |     3 |       |    10 |     2 |     8 ||    23
       Scroll            |       |       |    19 |     2 |     9 |    13 ||    43
 Stab: Sleeping          |     8 |     7 |     8 |    10 |    25 |    19 ||    77
       Distracted        |       |     1 |     1 |     1 |     3 |    11 ||    17
       Betrayed ally     |       |       |     1 |     1 |       |       ||     2
       Petrified         |       |       |       |       |     6 |       ||     6
       Confused          |       |       |       |       |       |    32 ||    32
Armor: Skin              |       |     4 |     7 |    12 |    20 |   154 ||   197
Dodge: Dodged            |    38 |    79 |   116 |   168 |   277 |  1178 ||  1856
Block: Other             |     9 |    37 |    33 |       |       |       ||    79
       Kite shield       |       |       |    23 |   445 |   702 |  2084 ||  3254
       Reflection        |       |       |     4 |     7 |     1 |    25 ||    37

Table legend: (Time is in decaauts)
 A = Elapsed time spent in this place.
 B = Non-inter-level travel time spent in this place.
 C = Inter-level travel time spent in this place.
 D = Time resting spent in this place.
 E = Time spent auto-exploring this place.
 F = Levels seen in this place.
 G = Mean time per level.
                   A        B        C        D        E       F      G
               +--------+--------+--------+--------+--------+-----+--------+
         Total |  38729 |  35765 |   2964 |   2204 |  24846 |  29 | 1335.5 |
       Dungeon |  14914 |  13300 |   1614 |    899 |   8930 |  13 | 1147.2 |
        Temple |    168 |     94 |     74 |      0 |     86 |   1 |  168.0 |
          Lair |   9885 |   9187 |    698 |    323 |   7262 |   5 | 1977.0 |
         Swamp |   2903 |   2858 |     45 |    746 |   1621 |   3 |  967.7 |
   Spider Nest |   6629 |   6217 |    412 |    223 |   4227 |   4 | 1657.2 |
  Orcish Mines |   3287 |   3169 |    118 |     12 |   2528 |   2 | 1643.5 |
        Bailey |    939 |    939 |      0 |      0 |    190 |   1 |  939.0 |
               +--------+--------+--------+--------+--------+-----+--------+

Top non-repeatable levels by time:
  Lair:5: 3098 daAuts
  Lair:2: 2461 daAuts
Spider:3: 2006 daAuts
   Orc:2: 1884 daAuts
     D:8: 1869 daAuts
Spider:4: 1816 daAuts
     D:5: 1795 daAuts
  Lair:3: 1695 daAuts
    D:10: 1677 daAuts
Spider:2: 1624 daAuts
 Swamp:1: 1465 daAuts
     D:9: 1408 daAuts
     D:4: 1406 daAuts
   Orc:1: 1403 daAuts
 Swamp:2: 1387 daAuts
